 Dungeon Crawl Stone Soup version 0.21.1-1-g345015f (webtiles) character file.

165 Kairos the Charmwright (level 5, -4/39 HPs)
             Began as a Human Skald on Mar 25, 2018.
             Slain by Grinder (5 damage)
             ... while paralysed by Grinder
             ... on level 3 of the Dungeon.
             The game lasted 00:06:54 (1817 turns).

Kairos the Charmwright (Human Skald)                Turns: 1817, Time: 00:06:54

Health: -4/39      AC:  4    Str: 12    XL:     5   Next: 74%
Magic:  2/8        EV:  2    Int: 13    God:
Gold:   173        SH:  0    Dex: 13    Spells: 5/8 levels left

rFire    + . .     SeeInvis +   t - +4 mace
rCold    + . .     Gourm    .   (no shield)
rNeg     . . .     Faith    .   b - +0 leather armour
rPois    +         Spirit   .   (no helmet)
rElec    +         Reflect  .   i - +0 cloak
rCorr    +         Harm     .   (no gloves)
MR       +....                  (no boots)
Stlth    +.........             (no amulet)
HPRegen  0.13/turn              g - ring of protection from magic
MPRegen  0.11/turn              (no ring)

@: paralysed, resistant, infused (expiring), singing
A: repulsion field 1, see invisible
a: no special abilities


You were on level 3 of the Dungeon.
You were hungry.

You visited 1 branch of the dungeon, and saw 3 of its levels.

You collected 173 gold pieces.

Inventory:

Hand Weapons
 s - a +0 mace of draining
 t - a +4 mace (weapon)
 u - a +1 hand axe of freezing
Missiles
 n - 5 javelins of returning (quivered)
Armour
 b - a +0 leather armour (worn)
 i - a +0 cloak (worn)
Jewellery
 g - a ring of protection from magic (left hand)
Scrolls
 e - a scroll of enchant weapon {unknown}
 l - 3 scrolls of identify {unknown}
 o - a scroll of teleportation {unknown}
 p - 4 scrolls of remove curse {unknown}
 r - a scroll of random uselessness {unknown}
 v - a scroll of blinking {unknown}
 w - a scroll of magic mapping {unknown}
Potions
 f - a potion of lignification {unknown}
 h - a potion of mutation
 j - a potion of brilliance {unknown}
 k - a potion of invisibility {unknown}
 m - a potion of degeneration {unknown}
 q - a potion of berserk rage {unknown}
 x - a potion of agility {unknown}
 z - a potion of flight {unknown}
Books
 c - a book of Battle

   Spells                             Type                      Level
   a - Infusion                       Charms                       1
   b - Shroud of Golubria             Charms/Translocation         2
   c - Song of Slaying                Charms                       2
   d - Spectral Weapon                Hexes/Charms                 3
   e - Regeneration                   Charms/Necromancy            3
Comestibles
 d - 4 rations


   Skills:
 + Level 2.5 Fighting
 + Level 3.3 Maces & Flails
 + Level 1.5 Throwing
 + Level 1.8 Armour
 + Level 2.4 Dodging
 + Level 0.2 Stealth
 + Level 2.3 Spellcasting
 + Level 3.6 Charms


You had 5 spell levels left.
You knew the following spells:

 Your Spells              Type           Power        Failure   Level  Hunger
a - Infusion              Chrm           ##..         7%          1    #......
b - Song of Slaying       Chrm           ##......     11%         2    ###....


Dungeon Overview and Level Annotations

Branches:
Dungeon (3/15)

Altars:
Fedhas

Annotations:
D:3 Grinder


Innate Abilities, Weirdness & Mutations

You are surrounded by a mild repulsion field. (EV +2)
You have supernaturally acute eyesight. (SInv)


Message History

* * * LOW HITPOINT WARNING * * *
You writhe in agony.
* * * LOW HITPOINT WARNING * * *
Grinder barely misses you.
It was a potion of mutation.
You feel extremely strange.
You begin to radiate repulsive energy.
Your vision sharpens.
Grinder gestures at you. You resist with some effort.
It was a potion of resistance.
You feel protected.
Your magical infusion is running out.
Grinder misses you. Grinder gestures at you.
You suddenly lose the ability to move!
Grinder says, "Just stop there for a second..."
Grinder gestures at you. You resist with almost no effort. Grinder hits you.
* * * LOW HITPOINT WARNING * * *
You writhe in agony.
You die...

#...# #.#...#.##.###
##...####.#...#.##.###
#...........#.#......#
#.............#....#.#
#<.>........###.####.#
#...........# #.# #.#
#.......<...# #.####'#
#...........# #.......
#....@......# ####....
#...5....†..# #.(..
#.....!.....# #....
#...........# #....
#...........# #....
#...........# #....
############# #....
#.... #....


You could see Grinder.

Vanquished Creatures
  An orc priest (D:3)
  5 adders
  2 worms (D:2)
  5 dart slugs
  3 leopard geckos
  4 orcs (D:3)
  4 bats
  A giant cockroach (D:1)
  9 goblins
  8 hobgoblins
  3 jackals (D:3)
  A quokka (D:3)
  3 frilled lizards
  10 kobolds
  6 rats
65 creatures vanquished.

Notes
Turn   | Place    | Note
-------+----------+-------------------------------------------
     0 | D:1      | Kairos the Human Skald began the quest for the Orb.
     0 | D:1      | Reached XP level 1. HP: 16/16 MP: 3/3
    58 | D:1      | Reached XP level 2. HP: 17/22 MP: 1/5
   220 | D:1      | Reached XP level 3. HP: 27/27 MP: 6/6
   553 | D:2      | Learned a level 2 spell: Song of Slaying
   618 | D:2      | Reached XP level 4. HP: 26/34 MP: 7/7
   856 | D:2      | Found a blossoming altar of Fedhas.
  1361 | D:3      | Reached XP level 5. HP: 37/39 MP: 2/8
  1395 | D:3      | Reached skill level 1 in Throwing
  1797 | D:3      | Noticed Grinder
  1813 | D:3      | Gained mutation: You are surrounded by a mild repulsion field. (EV +2) [potion of mutation]
  1813 | D:3      | Gained mutation: You have supernaturally acute eyesight. (SInv) [potion of mutation]
  1815 | D:3      | Paralysed by Grinder for 4 turns
  1817 | D:3      | HP: 1/39 [Grinder (1)]
  1817 | D:3      | Slain by Grinder

Skill      XL: |  1  2  3  4  5 |
---------------+----------------+-----
Maces & Flails | 3 |  3.3
Throwing       | 1 |  1.5
Fighting       | |  2.5
Armour         | |  1.8
Dodging        | |  2.4
Stealth        | |  0.2
Spellcasting   | |  2.3
Charms         | |  3.6

Action                   |  1- 3 |  4- 6 || total
-------------------------+-------+-------++-------
Melee: Mace              |    81 |    86 ||   167
Throw: Javelin           |     3 |    28 ||    31
 Cast: Infusion          |     5 |     6 ||    11
       Song of Slaying   |       |     4 ||     4
  Use: Potion            |       |     2 ||     2
  Eat: Chunk             |       |     3 ||     3
Armor: Leather armour    |    25 |    21 ||    46
Dodge: Dodged            |    62 |    57 ||   119
